 Dungeon Crawl Stone Soup version 0.17-a0-1775-g10da671 (webtiles) character file.

22 Crag the Ruffian (level 2, 0/25 HPs)
             Began as a Naga Transmuter on Sept 8, 2015.
             Slain by an orc
             ... wielding a +0 trident
              (8 damage)
             ... on level 3 of the Dungeon.
             The game lasted 00:04:22 (2397 turns).

Crag the Ruffian (Naga Transmuter)                  Turns: 2397, Time: 00:04:23

Health: 0/25       AC:  1    Str: 12    XL:     2   Next: 91%
Magic:  4/5        EV: 10    Int: 13    God:
Gold:   117        SH:  0    Dex: 11    Spells: 1 memorised, 4 levels left

rFire  . . .     SeeInvis +       - Unarmed
rCold  . . .     Clarity  .     b - +0 robe
rNeg   . . .     SustAt   .     (no shield)
rPois  +         Gourm    .     (no helmet)
rElec  .         Spirit   .     (no cloak)
rCorr  .         Warding  .     (no gloves)
rMut   .         Stasis   .     (no barding)
MR     .....                    (no amulet)
Stlth  +.........               (no ring)
                                (no ring)

@: appendage, very slow, not resistant to hostile enchantments, very unstealthy
A: horns 2, see invisible, deformed body, poison resistance, slowness 2, slow
metabolism 1, spit poison 2, AC +0
a: Spit Poison, End Transformation


You were on level 3 of the Dungeon.
You were near starving.
You had grown temporary horns.
You visited 1 branch of the dungeon, and saw 3 of its levels.

You collected 117 gold pieces.

Inventory:

Missiles
 a - 12 arrows
Armour
 b - a +0 robe (worn)
 g - a +0 helmet
Scrolls
 e - a scroll of teleportation {unknown}
 f - a scroll of enchant armour {unknown}
 h - a scroll of fog {unknown}
 i - 2 scrolls of noise {unknown}
 k - 2 scrolls of amnesia {unknown}
 o - 2 scrolls of immolation {unknown}
 p - a scroll of magic mapping {unknown}
 q - 2 scrolls of random uselessness {unknown}
Potions
 l - 3 potions of curing {unknown}
 m - a potion of magic {unknown}
 n - a potion of brilliance {unknown}
 s - a potion of poison {unknown}
Books
 c - a book of Changes

   Spells                             Type                      Level
   a - Beastly Appendage              Transmutation                1
   b - Sticks to Snakes               Transmutation                2
   c - Spider Form                    Transmutation/Poison         3
   d - Ice Form                       Ice/Transmutation            4
   e - Blade Hands                    Transmutation                5
Comestibles
 d - a bread ration
 j - 2 meat rations
 r - a fruit


   Skills:
 - Level 1.0 Fighting
 - Level 1.5 Dodging
 - Level 4.0 Unarmed Combat
 - Level 2.0 Spellcasting
 + Level 2.0 Transmutations


You had 4 spell levels left.
You knew the following spells:

 Your Spells              Type           Power        Failure   Level  Hunger
a - Beastly Appendage     Trmt           #.....       12%         1    ##.....


Dungeon Overview and Level Annotations

Branches:
Dungeon (3/15)

Altars:


Innate Abilities, Weirdness & Mutations

You cannot wear boots.
Your serpentine skin is tough (AC +0).
You have supernaturally acute eyesight.
Armour fits poorly on your strangely shaped body.
Your system is resistant to poisons.
You cover ground very slowly.
You have a slow metabolism.
You can spit poison.
You have a pair of horns on your head.


Message History

The hobgoblin barely misses you.
You hit the hobgoblin.
The hobgoblin is heavily wounded.
The hobgoblin barely misses you.
You barely miss the hobgoblin. Your headbutt misses the hobgoblin.
The hobgoblin is heavily wounded.
The hobgoblin closely misses you.
You barely miss the hobgoblin. You headbutt the hobgoblin.
You kill the hobgoblin!
The orc hits you with a trident.
You barely miss the orc. The orc hits you with a trident!
An adder comes into view.
You barely miss the orc. Your headbutt misses the orc.
Your horns disappear.
The orc barely misses you.
You closely miss the orc. The orc barely misses you.
Casting: Beastly Appendage
Confirm with . or Enter, or press ? or * to list all spells.
You grow a pair of large bovine horns.
The orc hits you with a trident!
You die...

##........ ..........
#........ #........
#........ #........ #
#####....
.####.##################....
>........So@..........##....
.####.###############..#....
.. ##.#.... ..o #.#.... o..
#.###.. ## #.###.. #..####
##.## #..#


You could see an adder and an orc.

Vanquished Creatures
  An orc (D:3)
  2 bats
  2 goblins (D:1)
  7 hobgoblins
  A quokka (D:2)
  A giant newt (D:2)
  3 kobolds
  2 rats
19 creatures vanquished.

Notes
Turn   | Place    | Note
--------------------------------------------------------------
     0 | D:1      | Crag the Naga Transmuter began the quest for the Orb.
     0 | D:1      | Reached XP level 1. HP: 18/18 MP: 3/3
   810 | D:1      | Reached XP level 2. HP: 13/25 MP: 3/5
  2385 | D:3      | Reached skill level 4 in Unarmed Combat
  2397 | D:3      | Slain by an orc

Vault maps used:
D:1:      dpeg_arrival_leaves_temple_mockup
D:3:      first_bread

Action                   || total
-------------------------++-------
Melee: Unarmed           ||    50
 Cast: Beastly Appendage ||    11
 Abil: Spit Poison       ||    16
  Eat: Chunk             ||     3
